 Seeded DCSS version 0.30-a0-58-gc0703345a7 (webtiles) character file.

Game seed: 2893118124589495399 (custom seed)

53 flotson the Sneak (level 3, -1/29 HPs)
             Began as a Demonspawn Delver on Sept 11, 2022.
             Slain by Terence
             ... wielding a +0 hand axe
              (8 damage)
             ... on level 3 of the Dungeon.
             The game lasted 00:03:10 (2052 turns).

flotson the Sneak (Demonspawn Delver)               Turns: 2052, Time: 00:03:11

Health: -1/29      AC:  5    Str: 14    XL:     3   Next: 62%
Magic:  3/3        EV: 12    Int: 11    God:
Gold:   123        SH:  4    Dex: 14    Spells: 2/2 levels left

rFire   . . .      SeeInvis .    a - +0 hand axe
rCold   . . .      Faith    .    (no shield)
rNeg    . . .      Spirit   .    b - +0 leather armour
rPois   .          Reflect  .    (no helmet)
rElec   .          Harm     .    h - scarf {repulsion}
rCorr   .          Rampage  .    n - +1 pair of gloves
Will    .....                    (no boots)
Stlth   ++........               (no amulet)
HPRegen 0.09/turn                (no ring)
MPRegen 0.08/turn                (no ring)

@: repel missiles
A: condensation shield
a: no special abilities


You were on level 3 of the Dungeon.
You visited 1 branch of the dungeon, and saw 5 of its levels.

You collected 123 gold pieces.

Inventory:

Hand Weapons
 a - a +0 hand axe (weapon)
Armour
 b - a +0 leather armour (worn)
 h - a scarf of repulsion (worn)
 n - a +1 pair of gloves (worn)
Jewellery
 q - a ring of fire
Wands
 g - a wand of digging (2)
 i - a wand of flame (15)
Scrolls
 c - a scroll of fog
 d - 2 scrolls of teleportation {unknown}
 e - 2 scrolls of fear
 j - a scroll of identify {unknown}
 k - a scroll of brand weapon {unknown}
 l - a scroll of silence {unknown}
 p - a scroll of torment {unknown}
Potions
 f - a potion of haste
 m - a potion of curing {unknown}
 o - a potion of flight {unknown}
 r - a potion of cancellation {unknown}


   Skills:
 + Level 3.4 Fighting
 - Level 1.7 Axes
 + Level 1.2 Armour
 + Level 2.3 Dodging
 - Level 4.5 Stealth
 + Level 1.5 Evocations


You had 2 spell levels left.
You didn't know any spells.
Your spell library contained the following spells:

 Spells                   Type           Power      Damage    Failure   Level
 Tukima's Dance           Hex            0%         N/A       78%         3
 Passage of Golubria      Tloc           0%         N/A       99%         4
 Yara's Violent Unravell  Hex/Tmut       0%         3d3       100%        5


Dungeon Overview and Level Annotations

Branches:
Dungeon (5/15)
 Temple: D:4-7

Altars:
Fedhas
Wu Jian

Annotations:
D:2 Sigmund
D:3 Terence


Innate Abilities, Weirdness & Mutations

A meltable shield of frost defends you. (SH +4)


Message History

You hit Terence but do no damage.
Terence is lightly wounded.
Terence hits you with a +0 hand axe. Terence barely misses you.
You are too injured to fight recklessly!
You are too injured to fight recklessly!
You are too injured to fight recklessly!
You are too injured to fight recklessly!
You are too injured to fight recklessly!
You are too injured to fight recklessly!
You hit Terence.
Terence is heavily wounded.
Terence hits you with a +0 hand axe.
* * * LOW HITPOINT WARNING * * *
You closely miss Terence.
Terence is heavily wounded.
Terence hits you with a +0 hand axe.
* * * LOW HITPOINT WARNING * * *
You completely miss Terence.
Terence is heavily wounded.
Terence barely misses you.
You hit Terence but do no damage.
Terence is heavily wounded.
Terence barely misses you. Terence closely misses you.
You hit Terence but do no damage.
Terence is heavily wounded.
Terence screams, "I'm going to kill you!"
Terence closely misses you.
You hit Terence but do no damage.
Terence is heavily wounded.
You block Terence's attack.
You hit Terence.
Terence is severely wounded.
Terence closely misses you.
You barely miss Terence.
Terence is severely wounded.
Terence closely misses you.
You hit Terence but do no damage.
Terence is severely wounded.
Terence hits you with a +0 hand axe!
You die...

≈.≈.# ≈.≈.########
..≈.........
§§≈..####### §§≈.##
# §.≈.# .# ≈≈≈.#
###.# ....#
###...###########
#####
##...#...@@.....<#
###..###############
#...## #####.###
)......# †......#
.......# .......#
.......#


You could see Terence.

Vanquished Creatures
  An adder (D:2)
  A dart slug (D:1)
  An orc (D:3)
  3 endoplasms
  3 giant cockroaches (D:1)
  8 hobgoblins
  4 jackals (D:2)
  5 kobolds
  A quokka (D:1)
  A ball python (D:3)
  5 bats
  2 frilled lizards
  A goblin (D:1)
  A rat (D:1)
37 creatures vanquished.

Notes
Turn   | Place    | Note
-------+----------+-------------------------------------------
     0 | D:5      | flotson the Demonspawn Delver began the quest for the Orb.
     0 | D:5      | Reached XP level 1. HP: 18/18 MP: 1/1
    38 | D:5      | Noticed a hound
    57 | D:4      | Noticed a necrophage
    65 | D:4      | Noticed a scorpion
    74 | D:4      | Noticed a necrophage
    80 | D:3      | Found an ornate altar of the Wu Jian Council.
   123 | D:3      | Found a blossoming altar of Fedhas.
   246 | D:3      | Noticed Terence
   299 | D:2      | Found a faded altar of an unknown god.
   300 | D:2      | Noticed Sigmund
   546 | D:1      | Gained mutation: A meltable shield of frost defends you.
                  | (SH +4) [demonic ancestry]
   546 | D:1      | Reached XP level 2. HP: 15/24 MP: 2/2
   847 | D:1      | Reached skill level 1 in Evocations
  1184 | D:1      | Reached skill level 1 in Armour
  1228 | D:1      | Reached XP level 3. HP: 29/29 MP: 3/3
  2052 | D:3      | Slain by Terence

Illustrated notes

Levels and vault maps discovered:
D:1:      dpeg_arrival_concentric_ovals, layout_loops_ring, minivault_23
D:2:      layout_rooms, basic_ecumenical_altar, uniq_sigmund
D:3:      layout_basic, mainiacjoe_overflow_concentric_impassable,
          xom_teletrap_fun, lemuel_crystal_altar,
          nicolae_hepliaklqana_hippocampus, uniq_ijyb, uniq_terence
D:4:      layout_rooms, zin_academy, kennysheep_little_box, uniq_pikel
D:5:      layout_loops_ring

Skill      XL: |  1  2 |
---------------+-------+-----
Dodging        | 2 |  2.3
Evocations     | 1 |  1.5
Armour         | 1 |  1.2
Fighting       | |  3.4
Axes           | |  1.7
Stealth        | |  4.5

Action                   || total
-------------------------++-------
Melee: Hand axe          ||   119
       Punch             ||     1
Evoke: Wand              ||     1
  Use: Scroll            ||     1
 Stab: Sleeping          ||    10
       Distracted        ||     1
Armor: Leather armour    ||    36
Dodge: Dodged            ||   110
Block: Other             ||    21

Table legend: (Time is in decaauts)
 A = Elapsed time spent in this place.
 B = Non-inter-level travel time spent in this place.
 C = Inter-level travel time spent in this place.
 D = Time resting spent in this place.
 E = Time spent auto-exploring this place.
 F = Levels seen in this place.
 G = Mean time per level.
                   A        B        C        D        E       F      G
               +--------+--------+--------+--------+--------+-----+--------+
         Total |   2078 |   1935 |    143 |      0 |   1508 |   5 |  415.6 |
       Dungeon |   2078 |   1935 |    143 |      0 |   1508 |   5 |  415.6 |
               +--------+--------+--------+--------+--------+-----+--------+

Top non-repeatable levels by time:
     D:1: 1204 daAuts
     D:2: 547 daAuts
     D:3: 250 daAuts
     D:5: 57 daAuts
     D:4: 18 daAuts
